AoeStats
← GeneralFailure

African Clearing

504967710Analyzed
4v4 RM · 23d ago on Sep 7, 2026· 57m 33s· 8 players
Game mode
Random Map
Map size
Large (8 player)
Population
200
Speed
Normal
Resources
Standard
Victory
Conquest
Starting age
Dark Age
Ending age
Imperial Age
RankedLock teamsTeams togetherTeam positionsShared explorationLock speedFull tech treeHidden civsTurbo modeCheats
Victory
Defeat
🇪🇸 Bohemians · Spain
1166
+15
🇹🇼 Slavs · Taiwan
1164
+15
🇹🇼 Berbers · Taiwan
1146
+16
1086
+19
🇸🇮 Vikings · Slovenia
1182
-18
🇵🇱 Spanish · Poland
1175
-17
🇲🇽 Britons · Mexico
1122
-42
🇨🇾 Mongols · Cyprus
1114
-15
excboom
4:43 Loom
13:08 Feudal Age
19:08 Castle Age
16:55 Horse Collar
17:32 Double-Bit Axe
17:46 Gold Mining
20:56 Wheelbarrow
21:10 Bow Saw
21:30 Heavy Plow
24:06 Stone Mining
30:16 Scale Barding Armor
30:19 Town Watch
31:04 Forging
31:46 Kasbah
32:38 Hand Cart
32:45 Husbandry
32:44 Fletching
33:21 Bodkin Arrow
34:33 Ballistics
34:24 Padded Archer Armor
34:43 Bloodlines
38:05 Imperial Age
35:55 Leather Archer Armor
38:24 Iron Casting
38:10 Chain Barding Armor
38:24 Coinage
38:26 Thumb Ring
39:17 Conscription
38:18 Elite Camel Archer
39:28 Bracer
40:31 Chemistry
40:35 Hoardings
39:26 Light Cavalry
41:37 Ring Archer Armor
42:37 Plate Barding Armor
44:02 Blast Furnace
43:43 Town Patrol
43:58 Scale Mail Armor
43:35 Hussar
47:03 Banking
46:43 Guilds
47:22 Caravan
47:51 Masonry
51:42 Heavy Camel Rider
52:27 Maghrebi Camels
52:54 Siege Engineers
52:45 Murder Holes
55:07 Chain Mail Armor
Agapito di Sousa
5:43 Loom
15:00 Feudal Age
20:09 Castle Age
19:27 Double-Bit Axe
20:43 Fishing Lines
32:46 Fletching
51:57 Imperial Age
49:41 Bodkin Arrow
56:25 Imperial Age
58:48 Chemistry
potatochips
12:03 Loom
13:49 Feudal Age
18:24 Castle Age
16:12 Double-Bit Axe
17:52 Horse Collar
21:46 Wheelbarrow
26:22 Fletching
27:48 Scale Barding Armor
28:20 Padded Archer Armor
30:13 Coinage
29:49 Heavy Plow
29:46 Pikeman
29:57 Elite Skirmisher
33:32 Chain Barding Armor
38:42 Imperial Age
36:54 Bodkin Arrow
40:09 Plate Barding Armor
40:15 Bow Saw
39:52 Town Watch
41:23 Elite Boyar
42:52 Forging
44:00 Conscription
50:23 Iron Casting
54:30 Two-Man Saw
53:46 Hand Cart
56:25 Blast Furnace
ሰላምنعمة˙ʞɐɥʇ
5:15 Loom
13:17 Feudal Age
13:19 Man-at-Arms
23:47 Castle Age
22:51 Fletching
26:13 Elite Skirmisher
31:50 Town Watch
32:34 Bodkin Arrow
33:00 Horse Collar
36:47 Heavy Plow
37:27 Wheelbarrow
39:18 Gold Mining
39:19 Stone Mining
42:44 Imperial Age
41:33 Husbandry
41:43 Bloodlines
41:40 Scale Barding Armor
41:46 Forging
42:58 Chain Barding Armor
43:55 Conscription
43:46 Howdah
44:25 Iron Casting
44:21 Elite Battle Elephant
47:03 Plate Barding Armor
50:11 Gold Shaft Mining
51:15 Blast Furnace
51:24 Devotion
51:45 Pikeman
52:25 Squires
52:27 Scale Mail Armor
54:13 Manipur Cavalry
55:40 Light Cavalry
57:13 Hussar
Alejandro12
15:09 Feudal Age
14:40 Loom
15:32 Horse Collar
15:39 Double-Bit Axe
24:15 Castle Age
24:04 Wheelbarrow
24:08 Fletching
25:17 Bow Saw
24:47 Crossbowman
26:49 Treadmill Crane
28:19 Hand Cart
29:37 Gold Mining
29:55 Heavy Plow
29:50 Pikeman
30:58 Ballistics
32:43 Bodkin Arrow
32:49 Padded Archer Armor
35:47 Gold Shaft Mining
36:02 Leather Archer Armor
40:16 Imperial Age
38:40 Town Watch
41:42 Arbalester
42:56 Ring Archer Armor
42:27 Bracer
43:12 Conscription
42:26 Halberdier
43:08 Squires
43:08 Capped Ram
44:46 Yeomen
50:17 Chemistry
51:23 Elite Longbowman
52:25 Town Patrol
GeneralFailure
5:12 Loom
14:15 Feudal Age
21:08 Castle Age
20:45 Double-Bit Axe
21:28 Horse Collar
31:51 Bow Saw
32:12 Pikeman
36:04 Imperial Age
37:33 Conscription
37:05 Fletching
37:42 Scale Mail Armor
38:40 Elite Skirmisher
44:12 Padded Archer Armor
44:10 Bodkin Arrow
45:14 Leather Archer Armor
45:00 Bracer
48:14 Chain Mail Armor
48:11 Forging
CARBONARAYOYO
3:07 Loom
15:53 Feudal Age
17:01 Double-Bit Axe
16:57 Horse Collar
20:34 Castle Age
19:36 Horse Collar
20:34 Fletching
21:54 Bodkin Arrow
31:59 Wheelbarrow
31:12 Town Watch
33:50 Gold Mining
37:01 Hand Cart
41:31 Imperial Age
40:16 Heavy Plow
40:28 Bow Saw
40:10 Stone Mining
39:54 Light Cavalry
40:44 Bloodlines
40:35 Husbandry
41:44 Forging
41:39 Scale Barding Armor
41:47 Cavalier
44:48 Two-Man Saw
43:34 Paladin
45:07 Conscription
45:55 Iron Casting
45:40 Chain Barding Armor
49:12 Chain Barding Armor
49:52 Blast Furnace
54:02 Hoardings
fuita
6:24 Loom
13:54 Feudal Age
18:35 Castle Age
21:40 Gold Mining
22:02 Padded Archer Armor
22:33 Fletching
24:19 Horse Collar
37:06 Ballistics
41:15 Wheelbarrow
40:26 Town Watch
45:08 Imperial Age
44:48 Gold Shaft Mining
45:10 Heavy Plow
47:40 Bloodlines
47:31 Husbandry
Connection lost

Rejoining the realm…

Still unreachable

The connection could not be restored.

Session expired

The server has moved on; the page needs a fresh start.